 Dungeon Crawl Stone Soup version 0.24-a0-582-g4d4af81 (webtiles) character file.

Game seed: 2323296366995346051

641 Spazmo the Magician (level 7, -6/36 HPs)
             Began as a Deep Elf Fire Elementalist on Aug 26, 2019.
             Was an Initiate of Vehumet.
             Mangled by an orc wizard
             ... wielding a +0 dagger of electrocution
              (19 damage)
             ... on level 4 of the Dungeon.
             The game lasted 00:09:44 (3420 turns).

Spazmo the Magician (Deep Elf Fire Elementalist)    Turns: 3420, Time: 00:09:44

Health: -6/36      AC:  2    Str:  5    XL:     7   Next: 26%
Magic:  5/19       EV: 13    Int: 22    God:    Vehumet [......]
Gold:   201        SH:  0    Dex: 15    Spells: 4/19 levels left

rFire    . . .     SeeInvis .   f - -3 hunting sling (curse)
rCold    . . .     Gourm    .   (no shield)
rNeg     . . .     Faith    .   a - +0 robe
rPois    .         Spirit   .   (no helmet)
rElec    .         Reflect  .   (no cloak)
rCorr    .         Harm     .   (no gloves)
MR       .....                  (no boots)
Stlth    ++........             (no amulet)
HPRegen  0.12/turn              (no ring)
MPRegen  0.16/turn              (no ring)

@: lethally poisoned (-6 -> -10)
A: no striking features
a: Renounce Religion


You were on level 4 of the Dungeon.
You worshipped Vehumet.
Vehumet was noncommittal.
You were hungry.

You visited 1 branch of the dungeon, and saw 4 of its levels.
You also visited: Sewer.

You collected 201 gold pieces.

Inventory:

Hand Weapons
 f - a cursed -3 hunting sling (weapon)
 h - the +6 falchion "Jellybane" {elec, rPois rC- rN+++ Dex+2}
   (You found it on level 4 of the Dungeon)

   Occasionally, upon striking a foe, it will discharge some electrical energy
   and cause terrible harm.
   It affects your dexterity (+2).
   It makes you vulnerable to cold.
   It protects you from poison.
   It renders you almost immune to negative energy.
 m - a +1 dagger of speed
Missiles
 d - 98 stones (quivered)
Armour
 a - a +0 robe (worn)
Scrolls
 l - 2 scrolls of identify
Potions
 b - 2 potions of heal wounds
 e - a potion of might
 g - a potion of invisibility
 i - a potion of brilliance {unknown}
 j - a potion of lignification {unknown}
 k - a potion of mutation {unknown}
 n - a potion of flight {unknown}
 o - a potion of cancellation {unknown}
 p - a potion of haste
Comestibles
 c - 5 rations


   Skills:
 - Level 2.4 Dodging
 - Level 2.4 Stealth
 + Level 6.6 Spellcasting
 + Level 5.0 Conjurations
 + Level 5.9 Fire Magic


You had 4 spell levels left.
You knew the following spells:

 Your Spells              Type           Power        Failure   Level  Hunger
a - Flame Tongue          Conj/Fire      ####.        1%          1    None
b - Throw Flame           Conj/Fire      ####..       1%          2    None
c - Conjure Flame         Conj/Fire      ####....     2%          3    #......
d - Sticky Flame          Conj/Fire      ####....     9%          4    ###....
e - Fireball              Conj/Fire      ####......   24%         5    #####..

Your spell library contained the following spells:

 Spells                   Type           Power        Failure   Level  Hunger
 Inner Flame              Hex/Fire       ###.....     8%          3    #......


Dungeon Overview and Level Annotations

Branches:
Dungeon (4/15)              Sewer (visited)
 Temple: D:4-7

Altars:
Dithmenos
Elyvilon
Hepliaklqana
Ru
Vehumet
Zin
The Shining One


Message History

Beogh smites you!
Casting: Flame Tongue (safe; 1% risk of failure)
Confirm with . or Enter, or press ? or * to list all spells.
Aiming: Flame Tongue (safe; 1% risk of failure)
Press: ? - help, Shift-Dir - straight line, f/p - orc priest
Aim: an orc priest, wielding a +1 dagger of venom and wearing a +0 ring mail (almost dead)
The flame tongue hits the orc priest!
You kill the orc priest!
Vehumet accepts your kill.
Your Conjurations skill increases to level 5!
Casting: Flame Tongue (safe; 1% risk of failure)
Confirm with . or Enter, or press ? or * to list all spells.
Aiming: Flame Tongue (safe; 1% risk of failure)
Press: ? - help, Shift-Dir - straight line, f - orc wizard
Aim: an orc wizard, wielding a +0 dagger of electrocution and wearing a +0 robe The flame tongue misses the orc wizard.
You feel sick.
The orc wizard hits you with a +0 dagger of electrocution.
You are electrocuted!!
Ouch! That really hurt!
You die...

...# #..........#
#### #..........#
###.#.######
........#.#########
#########.........#
#########.#
o..oo...#.# #o#.#
#@).# #####


You could see an orc wizard.

Vanquished Creatures
  Purgy (Sewer)
  A phantom (D:4)
  A scorpion (D:4)
  4 orc priests
  An orc wizard (D:4)
  An iguana (D:4)
  A worker ant (D:3)
  4 gnolls (D:3)
  5 adders
  2 oozes
  An adder skeleton (D:4)
  3 worms
  3 dart slugs (D:1)
  3 leopard geckos
  16 orcs
  A ball python (D:2)
  12 bats
  6 giant cockroaches
  4 goblins
  4 hobgoblins
  A jackal (D:3)
  6 kobolds
  2 quokkas
  5 frilled lizards
  A leopard gecko skeleton (D:4)
  7 rats
96 creatures vanquished.

Notes
Turn   | Place    | Note
-------+----------+-------------------------------------------
     0 | D:1      | Spazmo the Deep Elf Fire Elementalist began the quest for
                  | the Orb.
     0 | D:1      | Reached XP level 1. HP: 10/10 MP: 6/6
    90 | D:1      | Reached XP level 2. HP: 15/15 MP: 4/8
    94 | D:1      | Learned a level 2 spell: Throw Flame
   704 | D:2      | Reached XP level 3. HP: 19/19 MP: 6/10
   709 | D:2      | Learned a level 3 spell: Conjure Flame
   895 | D:2      | Reached skill level 4 in Spellcasting
  1378 | D:3      | Reached XP level 4. HP: 24/24 MP: 8/12
  1384 | D:3      | Learned a level 4 spell: Sticky Flame
  1526 | D:3      | Found a glowing silver altar of Zin.
  1742 | D:3      | Reached XP level 5. HP: 9/28 MP: 5/14
  2062 | D:3      | Found a shadowy altar of Dithmenos.
  2153 | D:3      | Reached skill level 5 in Spellcasting
  2294 | D:3      | Found a white marble altar of Elyvilon.
  2521 | D:3      | Found a glowing golden altar of the Shining One.
  2583 | D:4      | Noticed a phantom
  2593 | D:4      | Killed a phantom
  2593 | D:4      | Reached skill level 5 in Fire Magic
  2593 | D:4      | Reached XP level 6. HP: 20/32 MP: 5/16
  2613 | D:3      | Learned a level 5 spell: Fireball
  2831 | D:4      | Found a glowing drain.
  2835 | Sewer    | Entered a sewer
  2894 | Sewer    | Noticed Purgy
  2904 | Sewer    | Killed Purgy
  2904 | Sewer    | Reached skill level 6 in Spellcasting
  3198 | D:4      | Reached XP level 7. HP: 36/36 MP: 12/18
  3231 | D:4      | Found a sacrificial altar of Ru.
  3324 | D:4      | Found a radiant altar of Vehumet.
  3324 | D:4      | Found a hazy altar of Hepliaklqana.
  3327 | D:4      | Became a worshipper of Vehumet
  3370 | D:4      | Got a shimmering falchion
  3371 | D:4      | Identified the +6 falchion "Jellybane" {elec, rPois rC-
                  | rN+++ Dex+2} (You found it on level 4 of the Dungeon)
  3419 | D:4      | Reached skill level 5 in Conjurations
  3420 | D:4      | Mangled by an orc wizard

Levels and vault maps discovered:
D:1:      dpeg_arrival_windows_large_door, layout_rooms,
          chequers_serial_rivers_micro_c, grunt_decor_cap
D:2:      layout_basic
D:3:      lemuel_upstairs_altar, layout_loops_cross, zin_academy,
          marbit_many_paths, lemuel_coloured_pillars_altar, serial_glass,
          glass_columns_a, glass_columns_a, roderic_lattice_a,
          grunt_dithmenos_smoke_and_mirrors
D:4:      layout_basic, gammafunk_temple_overflow_elements, first_ration,
          gup_sewer_entry_spiral, serial_shops, nicolae_shop_statue_plus,
          nicolae_ru_sacrificial_ziggurat

Skill      XL: |  1  2  3  4  5  6  7 |
---------------+----------------------+-----
Conjurations   | 2 3 4 5 |  5.0
Spellcasting   | 4 5 6 |  6.6
Fire Magic     | 4 5 |  5.9
Dodging        | |  2.4
Stealth        | |  2.4

Action                   |  1- 3 |  4- 6 |  7- 9 || total
-------------------------+-------+-------+-------++-------
 Cast: Flame Tongue      |    56 |   102 |    25 ||   183
       Throw Flame       |     6 |    15 |     3 ||    24
       Conjure Flame     |       |     1 |       ||     1
  Use: Potion            |     2 |       |     1 ||     3
       Scroll            |     4 |     1 |     1 ||     6
  Eat: Chunk             |     1 |     6 |       ||     7
Armor: Robe              |     3 |     2 |       ||     5
Dodge: Dodged            |     8 |    26 |     4 ||    38

Table legend:
 A = Non-vault XP
 B = Vault XP
 C = Vault XP percentage of total XP
 D = Non-vault monster count
 E = Vault monster count
 F = Vault count percentage of total count
                 A         B        C        D         E       F
            +---------+---------+-------+---------+---------+-------
      Total |     751 |     165 |  18.0 |      82 |      14 |  14.6
            +---------+---------+-------+---------+---------+-------
        D:1 |      36 |       0 |   0.0 |      15 |       0 |   0.0
        D:2 |      60 |       0 |   0.0 |      19 |       0 |   0.0
        D:3 |     196 |       2 |   1.0 |      25 |       1 |   3.8
        D:4 |     459 |      16 |   3.4 |      23 |       7 |  23.3
      Sewer |       0 |     147 | 100.0 |       0 |       6 | 100.0
            +---------+---------+-------+---------+---------+-------
